TOP OF THE 1ST |
Toronto Blue Jays batting - Pitching for New York Yankees : LHP Austin Gomber
|
Pitching: LHP Austin Gomber
|
|
Batting: LHB Gavin Lux
|
0-0: Ball 1-0: Called Strike 1-1: Called Strike 1-2: Ball 2-2: SINGLE (Line Drive, 6D, EV 99.4 MPH)
|
Batting: RHB Jared Triolo
|
0-0: Ball 1-0: Called Strike 1-1: Ground out 5-3 (Groundball, 56S, EV 74.4 MPH) Gavin Lux to second
|
Batting: LHB Bryce Harper
|
0-0: Ball 1-0: Called Strike 1-1: Ball 2-1: Foul Ball, location: 2F 2-2: Ground out 4-3 (Groundball, 4D, EV 101.3 MPH) Gavin Lux to third
|
Batting: RHB Brian Anderson
|
0-0: Foul Ball, location: 2F 0-1: Ball 1-1: SINGLE (Line Drive, 4MD, EV 102.5 MPH) Gavin Lux scores
|
Batting: LHB Vinnie Pasquantino
|
0-0: Ball 1-0: Ball 2-0: Called Strike Pickoff Throw to First - Out! 1-3
|
Top of the 1st over - 1 run, 2 hits, 0 errors, 0 left on base; Toronto 1 - New York 0 |
BOTTOM OF THE 1ST |
New York Yankees batting - Pitching for Toronto Blue Jays : LHP Justin Steele
|
Pitching: LHP Justin Steele
|
|
Batting: RHB Thairo Estrada
|
0-0: Ground out 3-1 (Groundball, 34S, EV 101.3 MPH)
|
Batting: RHB Yairo Munoz
|
0-0: Ball 1-0: Ball 2-0: Foul Ball, location: 3F 2-1: Called Strike 2-2: Ball 3-2: Strikes out swinging
|
Batting: RHB Starling Marte
|
0-0: Foul Ball, location: 2LF 0-1: Swinging Strike 0-2: SINGLE (Line Drive, 3D, EV 97.5 MPH)
|
Batting: LHB Matt Olson
|
0-0: Ball 1-0: Ball 2-0: Called Strike 2-1: Swinging Strike 2-2: Ball 3-2: Base on Balls Starling Marte to second
|
Batting: RHB Luke Voit
|
0-0: Swinging Strike 0-1: Ball 1-1: Called Strike 1-2: Foul Ball, location: 9LSF 1-2: SINGLE (Groundball, 56D, EV 92.5 MPH) (infield hit) Starling Marte to third Matt Olson to second
|
Batting: RHB Austin Hays
|
0-0: Fly out, F9 (Flyball, 9LS, EV 90.0 MPH)
|
Bottom of the 1st over - 0 runs, 2 hits, 0 errors, 3 left on base; Toronto 1 - New York 0 |
TOP OF THE 2ND |
Toronto Blue Jays batting - Pitching for New York Yankees : LHP Austin Gomber
|
Batting: LHB Vinnie Pasquantino
|
0-0: Called Strike 0-1: Ball 1-1: DOUBLE (Line Drive, 89D, EV 105.0 MPH)
|
Batting: RHB Mitch Haniger
|
0-0: Called Strike 0-1: Ball 1-1: Ball 2-1: Ball 3-1: Base on Balls
|
Batting: SHB Dylan Carlson
|
0-0: Ball 1-0: Called Strike 1-1: Ball 2-1: Foul Ball, location: 9LDF 2-2: Ball 3-2: SINGLE (Groundball, 15S, EV 71.3 MPH) (infield hit) Vinnie Pasquantino to third Mitch Haniger to second
|
Batting: RHB Ronaldo Hernandez
|
0-0: Ball 1-0: Grounds into double play, 6-4-3 (Groundball, 56, EV 108.1 MPH) Vinnie Pasquantino scores Mitch Haniger to third
|
Batting: RHB Owen Miller
|
0-0: Called Strike 0-1: Ground out 5-3 (Groundball, 56, EV 100.6 MPH)
|
Top of the 2nd over - 1 run, 2 hits, 0 errors, 1 left on base; Toronto 2 - New York 0 |
BOTTOM OF THE 2ND |
New York Yankees batting - Pitching for Toronto Blue Jays : LHP Justin Steele
|
Batting: LHB Andres Gimenez
|
0-0: Called Strike 0-1: Ball 1-1: Swinging Strike 1-2: Foul Ball, location: 2F 1-2: Ball 2-2: Fly out, F8 (Flyball, 8RXD, EV 103.1 MPH)
|
Batting: SHB Taylor Walls
|
0-0: Ball 1-0: DOUBLE (Groundball, 3L, EV 107.5 MPH)
|
Batting: RHB Andrew Knizner
|
0-0: Called Strike 0-1: Ball 1-1: Ball 2-1: Ball 3-1: Base on Balls
|
Batting: RHB Thairo Estrada
|
0-0: Swinging Strike 0-1: Swinging Strike 0-2: Strikes out swinging
|
Batting: RHB Yairo Munoz
|
0-0: Ball 1-0: Ground out 4-3 (Groundball, 4, EV 107.5 MPH)
|
Bottom of the 2nd over - 0 runs, 1 hit, 0 errors, 2 left on base; Toronto 2 - New York 0 |
TOP OF THE 3RD |
Toronto Blue Jays batting - Pitching for New York Yankees : LHP Austin Gomber
|
Batting: LHB Gavin Lux
|
0-0: Swinging Strike 0-1: SINGLE (Line Drive, 3D, EV 94.4 MPH)
|
Batting: RHB Jared Triolo
|
0-0: Called Strike 0-1: Fielders Choice at 2nd, 1-4 (Groundball, 15, EV 68.8 MPH)
|
Batting: LHB Bryce Harper
|
0-0: Foul Ball, location: 25F 0-1: Ball 1-1: Ball 2-1: DOUBLE (Flyball, 89D, EV 106.3 MPH) Jared Triolo to third Runner from 3rd tries for Home, SAFE, throw by RF to trailing runner, SAFE at third!
|
Batting: RHB Brian Anderson
|
0-0: Ball 1-0: Ball 2-0: Foul Ball, location: 9LMF 2-1: Called Strike 2-2: Ball 3-2: DOUBLE (Flyball, 8RXD, EV 96.9 MPH) Bryce Harper scores
|
Batting: LHB Vinnie Pasquantino
|
0-0: Fly out, F9 (Line Drive, 9, EV 91.9 MPH) Runner from 2nd tags up, SAFE at 3rd with throw by RF
|
Batting: RHB Mitch Haniger
|
0-0: Ball 1-0: Foul Ball, location: 9LMF 1-1: 2-RUN HOME RUN (Flyball, 78XD, EV 106.9 MPH), Distance : 414 ft
|
Batting: SHB Dylan Carlson
|
0-0: Swinging Strike 0-1: Ball 1-1: Ball 2-1: Ball 3-1: Foul Ball, location: 2F 3-2: Foul Ball, location: 2F 3-2: Foul Ball, location: 7LDF 3-2: Base on Balls
|
Batting: RHB Ronaldo Hernandez
|
0-0: Ball 1-0: Ball 2-0: DOUBLE (Line Drive, 89D, EV 103.8 MPH) Dylan Carlson to third Runner from 3rd tries for Home, SAFE, throw by RF to trailing runner, OUT at third! 9-3-5
|
Top of the 3rd over - 5 runs, 5 hits, 0 errors, 0 left on base; Toronto 7 - New York 0 |
BOTTOM OF THE 3RD |
New York Yankees batting - Pitching for Toronto Blue Jays : LHP Justin Steele
|
Batting: RHB Starling Marte
|
0-0: Called Strike 0-1: SINGLE (Line Drive, 7S, EV 92.5 MPH)
|
Batting: LHB Matt Olson
|
0-0: Called Strike Starling Marte steals 2nd base 0-1: DOUBLE (Line Drive, 89M, EV 110.6 MPH) Starling Marte scores
|
Batting: RHB Luke Voit
|
0-0: Ball 1-0: SINGLE (Flyball, 5D, EV 85.6 MPH) Matt Olson to third
|
Batting: RHB Austin Hays
|
0-0: Called Strike 0-1: Ball 1-1: Swinging Strike 1-2: Strikes out looking
|
Batting: LHB Andres Gimenez
|
0-0: Called Strike 0-1: Ball 1-1: SINGLE (Groundball, 34D, EV 85.6 MPH) (infield hit) Matt Olson scores Luke Voit to second
|
Batting: SHB Taylor Walls
|
0-0: Swinging Strike 0-1: Ball 1-1: Ball 2-1: Swinging Strike 2-2: Ball 3-2: Base on Balls Luke Voit to third Andres Gimenez to second
|
Batting: RHB Andrew Knizner
|
0-0: Called Strike 0-1: Ball 1-1: Foul Ball, location: 3F 1-2: Foul Ball, location: 9LDF 1-2: SINGLE (Groundball, 5D, EV 104.4 MPH) Luke Voit scores Andres Gimenez to third Taylor Walls to second
|
Batting: RHB Thairo Estrada
|
0-0: Ball 1-0: Ball 2-0: Called Strike 2-1: Foul Ball, location: 25F 2-2: Strikes out swinging
|
Batting: RHB Yairo Munoz
|
0-0: Swinging Strike 0-1: Fielders Choice at 2nd, 6-4 (Groundball, 6, EV 80.6 MPH)
|
Bottom of the 3rd over - 3 runs, 5 hits, 0 errors, 3 left on base; Toronto 7 - New York 3 |
TOP OF THE 4TH |
Toronto Blue Jays batting - Pitching for New York Yankees : LHP Austin Gomber
|
Pitching: RHP Tyson Miller
|
|
Batting: RHB Owen Miller
|
0-0: Ball 1-0: Swinging Strike 1-1: Ball 2-1: Ball 3-1: Base on Balls
|
Batting: LHB Gavin Lux
|
0-0: Foul Ball, location: 2F 0-1: Foul Ball, location: 23F 0-2: Strikes out looking
|
Batting: RHB Jared Triolo
|
0-0: Called Strike 0-1: Foul Ball, location: 5F 0-2: Ball 1-2: Ball 2-2: Strikes out swinging
|
Batting: LHB Bryce Harper
|
0-0: Ball 1-0: Ball 2-0: Called Strike 2-1: Ball 3-1: Foul Ball, location: 2F 3-2: Foul Ball, location: 9LSF 3-2: Foul Ball, location: 25F 3-2: Base on Balls Owen Miller to second
|
Batting: RHB Brian Anderson
|
0-0: Ball 1-0: Called Strike 1-1: Swinging Strike 1-2: Foul Ball, location: 9LDF 1-2: Ball 2-2: Foul Ball, location: 2F 2-2: Ball 3-2: Foul Ball, location: 5F 3-2: Strikes out swinging
|
Top of the 4th over - 0 runs, 0 hits, 0 errors, 2 left on base; Toronto 7 - New York 3 |
BOTTOM OF THE 4TH |
New York Yankees batting - Pitching for Toronto Blue Jays : LHP Justin Steele
|
Batting: RHB Starling Marte
|
0-0: Ball 1-0: Foul Ball, location: 9LSF 1-1: Foul Ball, location: 2LF 1-2: Ground out 6-3 (Groundball, 56, EV 80.0 MPH)
|
Batting: LHB Matt Olson
|
0-0: Ball 1-0: Ball 2-0: Ball 3-0: Called Strike 3-1: Base on Balls
|
Batting: RHB Luke Voit
|
0-0: Ball 1-0: Ball 2-0: Foul Ball, location: 25F 2-1: Ball 3-1: Foul Ball, location: 5F 3-2: Strikes out swinging
|
Pitching: LHP Zack Thompson
|
|
Batting: RHB Austin Hays
|
0-0: Ball 1-0: Called Strike 1-1: Fly out, F8 (Line Drive, 8RD, EV 90.0 MPH)
|
Bottom of the 4th over - 0 runs, 0 hits, 0 errors, 1 left on base; Toronto 7 - New York 3 |
TOP OF THE 5TH |
Toronto Blue Jays batting - Pitching for New York Yankees : RHP Tyson Miller
|
Batting: LHB Vinnie Pasquantino
|
0-0: Ball 1-0: Called Strike 1-1: Ball 2-1: Ball 3-1: Swinging Strike 3-2: Ground out U3 (Groundball, 34S, EV 85.0 MPH)
|
Batting: RHB Mitch Haniger
|
0-0: Ball 1-0: Fly out, F9 (Flyball, 9D, EV 111.3 MPH)
|
Batting: SHB Dylan Carlson
|
0-0: Ball 1-0: Fly out, F8 (Flyball, 8LM, EV 91.3 MPH)
|
Top of the 5th over - 0 runs, 0 hits, 0 errors, 0 left on base; Toronto 7 - New York 3 |
BOTTOM OF THE 5TH |
New York Yankees batting - Pitching for Toronto Blue Jays : LHP Zack Thompson
|
Batting: LHB Andres Gimenez
|
0-0: Called Strike 0-1: Swinging Strike 0-2: Ball 1-2: Fly out, F5 (Popup, 25F, EV 88.1 MPH)
|
Batting: SHB Taylor Walls
|
0-0: Foul Ball, location: 2F 0-1: Ball 1-1: Called Strike 1-2: Fly out, F6 (Popup, 6M, EV 70.0 MPH)
|
Batting: RHB Andrew Knizner
|
0-0: Foul Ball, location: 23F 0-1: Fly out, F7 (Flyball, 78M, EV 94.4 MPH)
|
Bottom of the 5th over - 0 runs, 0 hits, 0 errors, 0 left on base; Toronto 7 - New York 3 |
TOP OF THE 6TH |
Toronto Blue Jays batting - Pitching for New York Yankees : RHP Tyson Miller
|
Pitching: RHP Taylor Clarke
|
|
Batting: RHB Ronaldo Hernandez
|
0-0: Fly out, F7 (Flyball, 78D, EV 78.8 MPH)
|
Batting: RHB Owen Miller
|
0-0: Called Strike 0-1: Foul Ball, location: 9LDF 0-2: Foul Ball, location: 2F 0-2: Strikes out swinging
|
Batting: LHB Gavin Lux
|
0-0: Ball 1-0: Ball 2-0: Ball 3-0: Called Strike 3-1: SINGLE (Groundball, 34D, EV 94.4 MPH)
|
Batting: RHB Jared Triolo
|
0-0: Foul Ball, location: 2F 0-1: Ball 1-1: Foul Ball, location: 2LF 1-2: Ball 2-2: Foul Ball, location: 2F 2-2: Ball 3-2: Strikes out swinging
|
Top of the 6th over - 0 runs, 1 hit, 0 errors, 1 left on base; Toronto 7 - New York 3 |
BOTTOM OF THE 6TH |
New York Yankees batting - Pitching for Toronto Blue Jays : LHP Zack Thompson
|
Batting: RHB Thairo Estrada
|
0-0: Ball 1-0: Called Strike 1-1: Swinging Strike 1-2: Strikes out looking
|
Batting: RHB Yairo Munoz
|
0-0: Called Strike 0-1: Ball 1-1: Ball 2-1: Ground out 4-3 (Groundball, 34, EV 81.9 MPH)
|
Batting: RHB Starling Marte
|
0-0: Called Strike 0-1: Ball 1-1: Foul Ball, location: 2F 1-2: Ground out U3 (Groundball, 3L, EV 77.5 MPH)
|
Bottom of the 6th over - 0 runs, 0 hits, 0 errors, 0 left on base; Toronto 7 - New York 3 |
TOP OF THE 7TH |
Toronto Blue Jays batting - Pitching for New York Yankees : RHP Taylor Clarke
|
Pitching: LHP Brett Martin
|
|
Batting: LHB Bryce Harper
|
0-0: Ball 1-0: Ball 2-0: Foul Ball, location: 2F 2-1: Ball 3-1: Ground out 6-3 (Groundball, 6, EV 86.3 MPH)
|
Batting: RHB Brian Anderson
|
0-0: Ball 1-0: SINGLE (Groundball, 3D, EV 104.4 MPH)
|
Batting: LHB Vinnie Pasquantino
|
0-0: Called Strike 0-1: Foul Ball, location: 7LMF 0-2: Ball 1-2: Ball 2-2: Ball 3-2: Strikes out swinging
|
Batting: RHB Mitch Haniger
|
0-0: Ball 1-0: Fly out, F7 (Flyball, 7, EV 91.9 MPH)
|
Top of the 7th over - 0 runs, 1 hit, 0 errors, 1 left on base; Toronto 7 - New York 3 |
BOTTOM OF THE 7TH |
New York Yankees batting - Pitching for Toronto Blue Jays : LHP Zack Thompson
|
Pitching: RHP Jandel Gustave
|
|
Batting: LHB Matt Olson
|
0-0: Ground out U3 (Groundball, 13, EV 88.1 MPH)
|
Batting: RHB Luke Voit
|
0-0: Ball 1-0: Called Strike 1-1: Called Strike 1-2: Strikes out looking
|
Batting: RHB Austin Hays
|
0-0: Fly out, F9 (Flyball, 89M, EV 91.3 MPH)
|
Bottom of the 7th over - 0 runs, 0 hits, 0 errors, 0 left on base; Toronto 7 - New York 3 |
TOP OF THE 8TH |
Toronto Blue Jays batting - Pitching for New York Yankees : LHP Brett Martin
|
Pitching: RHP Brian Keller
|
|
Batting: SHB Dylan Carlson
|
0-0: Ball 1-0: Ball 2-0: Called Strike 2-1: Foul Ball, location: 2F 2-2: Foul Ball, location: 3F 2-2: Fly out, F7 (Line Drive, 7, EV 103.1 MPH)
|
Batting: RHB Ronaldo Hernandez
|
0-0: Swinging Strike 0-1: Ball 1-1: Foul Ball, location: 2RF 1-2: Ball 2-2: Foul Ball, location: 2F 2-2: Strikes out swinging
|
Batting: RHB Owen Miller
|
0-0: Ball 1-0: Ball 2-0: SINGLE (Line Drive, 89S, EV 101.3 MPH)
|
Batting: LHB Gavin Lux
|
0-0: Swinging Strike 0-1: Ball 1-1: Ball 2-1: Fielders Choice at 2nd, 5-4 (Groundball, 56, EV 83.1 MPH)
|
Top of the 8th over - 0 runs, 1 hit, 0 errors, 1 left on base; Toronto 7 - New York 3 |
BOTTOM OF THE 8TH |
New York Yankees batting - Pitching for Toronto Blue Jays : RHP Jandel Gustave
|
Batting: LHB Andres Gimenez
|
0-0: Swinging Strike 0-1: Ball 1-1: Ball 2-1: Ball 3-1: Ground out 5-3 (Groundball, 5, EV 83.8 MPH)
|
Batting: SHB Taylor Walls
|
0-0: Ball 1-0: Ground out 4-3 (Groundball, 4, EV 90.0 MPH)
|
Batting: RHB Andrew Knizner
|
0-0: Foul Ball, location: 2F 0-1: Ball 1-1: Called Strike 1-2: Foul Ball, location: 3F 1-2: Ball 2-2: Foul Ball, location: 9LMF 2-2: Ball 3-2: Foul Ball, location: 3F 3-2: Foul Ball, location: 2F 3-2: DOUBLE (Line Drive, 78D, EV 105.6 MPH)
|
Pitching: RHP Matthew Festa
|
|
Batting: RHB Thairo Estrada
|
0-0: Ball 1-0: SINGLE (Line Drive, 9S, EV 95.0 MPH) Andrew Knizner to third Runner from 3rd tries for Home, SAFE, throw by RF to home
|
Batting: RHB Yairo Munoz
|
0-0: Ball 1-0: DOUBLE (Line Drive, 3D, EV 104.4 MPH) Thairo Estrada to third Runner from 3rd tries for Home, SAFE, throw by RF to trailing runner, OUT at third! 9-3-5
|
Bottom of the 8th over - 2 runs, 3 hits, 0 errors, 0 left on base; Toronto 7 - New York 5 |
TOP OF THE 9TH |
Toronto Blue Jays batting - Pitching for New York Yankees : RHP Brian Keller
|
Pitching: LHP Cionel Perez
|
|
Now at C: Austin Barnes
|
|
Batting: RHB Jared Triolo
|
0-0: Ball 1-0: Swinging Strike 1-1: Ball 2-1: Foul Ball, location: 5F 2-2: SOLO HOME RUN (Flyball, 78XD, EV 98.8 MPH), Distance : 412 ft
|
Batting: LHB Bryce Harper
|
0-0: Ball 1-0: Called Strike 1-1: Ball 2-1: Foul Ball, location: 7LSF 2-2: Foul Ball, location: 2F 2-2: Ground out 4-3 (Groundball, 34D, EV 102.5 MPH)
|
Batting: RHB Brian Anderson
|
0-0: Ball 1-0: Ball 2-0: Ball 3-0: Called Strike 3-1: Ground out 4-3 (Groundball, 4, EV 109.4 MPH)
|
Batting: LHB Vinnie Pasquantino
|
0-0: Called Strike 0-1: Ball 1-1: Ground out 4-3 (Groundball, 4, EV 87.5 MPH)
|
Top of the 9th over - 1 run, 1 hit, 0 errors, 0 left on base; Toronto 8 - New York 5 |
BOTTOM OF THE 9TH |
New York Yankees batting - Pitching for Toronto Blue Jays : RHP Matthew Festa
|
Pitching: RHP Bryan Baker
|
|
Batting: RHB Starling Marte
|
0-0: Ball 1-0: Ball 2-0: Called Strike 2-1: Ground out 4-3 (Groundball, 4, EV 94.4 MPH)
|
Batting: LHB Matt Olson
|
0-0: SINGLE (Flyball, 8RS, EV 91.9 MPH)
|
Batting: RHB Luke Voit
|
0-0: Ball 1-0: Reached on error, E5 (Groundball, 56, EV 81.3 MPH) Matt Olson to second
|
Pinch Hitting: LHB Nolan Gorman
|
0-0: Foul Ball, location: 2F 0-1: Ball 1-1: Ball 2-1: Ball 3-1: Called Strike 3-2: Base on Balls Matt Olson to third Luke Voit to second
|
Batting: LHB Andres Gimenez
|
0-0: Ball 1-0: Ball 2-0: Ball 3-0: Base on Balls Matt Olson scores Luke Voit to third Nolan Gorman to second
|
Batting: SHB Taylor Walls
|
0-0: Foul Ball, location: 25F 0-1: Foul Ball, location: 2F 0-2: Strikes out looking
|
Pinch Hitting: LHB Michael Conforto
|
0-0: Ball 1-0: Fly out, F8 (Line Drive, 8RM, EV 93.8 MPH)
|
Bottom of the 9th over - 1 run, 1 hit, 1 error, 3 left on base; Toronto 8 - New York 6 |
|